 Dungeon Crawl Stone Soup version 0.29.1-1-gd02db6906a (webtiles) character file.

Game seed: 7232151422824046800

37 sankara the Trooper (level 3, -2/24 HPs)
             Began as a Gargoyle Monk on Oct 13, 2022.
             Slain by a black bear (4 damage)
             ... on level 2 of the Dungeon.
             The game lasted 00:02:47 (990 turns).

sankara the Trooper (Gargoyle Monk)                  Turns: 990, Time: 00:02:49

Health: -2/24      AC:  9    Str: 14    XL:     3   Next: 39%
Magic:  3/3        EV: 11    Int: 10    God:
Gold:   35         SH:  0    Dex: 14    Spells: 2/2 levels left

rFire   . . .      SeeInvis .   a - +0 mace
rCold   . . .      Faith    .   (no shield)
rNeg    + . .      Spirit   .   d - +0 ring mail
rPois   ∞          Reflect  .   k - +0 helmet
rElec   +          Harm     .   (no cloak)
rCorr   .          Rampage  .   (no gloves)
Will    .....                   (no boots)
Stlth   +.........              (no amulet)
HPRegen 0.08/turn               (no ring)
MPRegen 0.08/turn               (no ring)

@: no status effects
A: sickness immunity, AC +3, negative energy resistance 1, electricity
resistance, torment resistance 1, petrification resistance
a: no special abilities


You were on level 2 of the Dungeon.
You visited 1 branch of the dungeon, and saw 2 of its levels.

You collected 35 gold pieces.

Inventory:

Hand Weapons
 a - a +0 mace (weapon)
 i - a +0 sling
Missiles
 e - 16 stones (quivered)
Armour
 b - a +0 robe
 d - a +0 ring mail (worn)
 k - a +0 helmet (worn)
Scrolls
 f - a scroll of fear {unknown}
Potions
 c - a potion of ambrosia
 g - a potion of brilliance {unknown}
 h - a potion of heal wounds {unknown}
 j - a potion of flight {unknown}


   Skills:
 + Level 3.6 Fighting
 * Level 3.6 Maces & Flails
 + Level 0.9 Armour
 + Level 2.7 Dodging
 - Level 2.1 Stealth


You had 2 spell levels left.
You didn't know any spells.
Your spell library contained the following spells:

 Spells                   Type           Power      Damage    Failure   Level
 Dazzling Flash           Conj/Hex       0%         N/A       93%         3
 Agony                    Necr           0%         N/A       100%        5
 Silence                  Hex/Air        0%         N/A       100%        5


Dungeon Overview and Level Annotations

Branches:
Dungeon (2/15)

Altars:
Zin


Innate Abilities, Weirdness & Mutations

You are immune to sickness and miasma.
Your stone body is resilient. (AC +3)
You are immune to poison.
You resist negative energy. (rN+)
You are resistant to electric shocks. (rElec)
You are resistant to unholy torment.
You are immune to petrification.


Message History

The bat attacks as you move away! The bat hits you but does no damage.
The bat barely misses you.
You closely miss the adder. The adder bites you but does no damage.
You sock the adder!
The adder is almost dead.
The adder closely misses you. The adder completely misses you.
You hit the adder.
You kill the adder!
The bat hits you but does no damage. x2
You closely miss the bat. The bat hits you but does no damage. x2
You hit the bat but do no damage. The bat hits you but does no damage.
The bat closely misses you.
You closely miss the bat. The bat barely misses you. The bat hits you.
You hit the black bear.
The black bear is moderately wounded.
The black bear bites you but does no damage.
The black bear claws you but does no damage.
The black bear barely misses you.
You hit the black bear.
The black bear is heavily wounded.
The black bear bites you but does no damage.
The black bear barely misses you.
The black bear claws you but does no damage.
You sock the black bear!
The black bear is severely wounded.
The black bear goes berserk!
The black bear bites you. The black bear barely misses you.
The black bear claws you.
* * * LOW HITPOINT WARNING * * *
You hit the black bear but do no damage.
The black bear is severely wounded.
The black bear closely misses you.
The black bear claws you but does no damage. x2
You hit the black bear but do no damage.
The black bear is severely wounded.
The black bear barely misses you.
The black bear claws you but does no damage.
The black bear claws you.
* * * LOW HITPOINT WARNING * * *
The black bear bites you.
You die...

## #.##.### #.#....#
#.#....# #......#
##.....# ##....#
#....# #####..####
#......@hb#
#.....###.# #
#.........## ....)
#.......†..####....>
.....#.._.b..........
#..#.................
#.............##.....
##....###..?#.....
#..#.........# ###


You could see a black bear (berserk) and a bat.

Vanquished Creatures
  An adder (D:2)
  A dart slug (D:1)
  A ball python (D:1)
  2 endoplasms
  2 giant cockroaches
  4 goblins
  A hobgoblin (D:2)
  2 kobolds (D:1)
  A quokka (D:1)
  5 bats
  2 frilled lizards (D:1)
  A rat (D:2)
23 creatures vanquished.

Notes
Turn   | Place    | Note
-------+----------+-------------------------------------------
     0 | D:1      | sankara the Gargoyle Monk began the quest for the Orb.
     0 | D:1      | Reached XP level 1. HP: 14/14 MP: 1/1
   107 | D:1      | Reached XP level 2. HP: 19/19 MP: 2/2
   747 | D:2      | Found a glowing silver altar of Zin.
   748 | D:2      | Noticed a black bear
   776 | D:2      | Reached XP level 3. HP: 14/23 MP: 3/3
   990 | D:2      | Slain by a black bear

Illustrated notes

Levels and vault maps discovered:
D:1:      dpeg_arrival_tiny_f, layout_loops_cross,
          nicolae_kite_square_tiling_tiny
D:2:      layout_rooms, basic_altar, dreamdust_wishing_well,
          minmay_close_crescents

Action                   || total
-------------------------++-------
Melee: Mace              ||    91
       Punch             ||     1
 Stab: Sleeping          ||     1
Armor: Robe              ||     3
       Ring mail         ||    78
Dodge: Dodged            ||   104
